AoeStats
← Meti KosLess

Black Forest

506699801Analyzed
4v4 RM · 19d ago on Sep 14, 2026· 28m 6s· 8 players
Game mode
Random Map
Map size
Large (8 player)
Population
200
Speed
Normal
Resources
Standard
Victory
Conquest
Starting age
Dark Age
Ending age
Imperial Age
RankedLock teamsTeams togetherTeam positionsShared explorationLock speedFull tech treeHidden civsTurbo modeCheats
Victory
Defeat
🇺🇸 Turks · United States
921
+9
🇺🇸 Bohemians · United States
786
+15
🇺🇸 Chinese · United States
739
+17
🇺🇸 Franks · United States
459
+27
🇳🇱 Turks · Netherlands
784
-18
🇷🇺 Mongols · Russia
770
-18
🇮🇳 Japanese · India
767
-18
🇩🇪 Wei · Germany
681
-14
BABA_CHUTMARIKE
Ana Catalina
0:32 Loom
13:33 Feudal Age
17:48 Stone Mining
17:48 Gold Mining
22:12 Castle Age
20:50 Fletching
21:11 Forging
21:02 Padded Archer Armor
22:11 Horse Collar
22:25 Double-Bit Axe
25:49 Town Watch
28:35 Fortified Wall
victorwesselink
14:39 Feudal Age
18:39 Castle Age
16:53 Double-Bit Axe
24:09 Imperial Age
VET
12:25 Feudal Age
13:13 Double-Bit Axe
14:33 Wheelbarrow
13:52 Horse Collar
15:58 Gold Mining
16:24 Stone Mining
22:26 Castle Age
23:39 Bow Saw
27:53 Hand Cart
Amir Teryaki
0:46 Loom
13:36 Feudal Age
18:25 Castle Age
16:26 Double-Bit Axe
17:12 Gold Mining
23:55 Imperial Age
22:13 Squires
22:18 Padded Archer Armor
22:31 Horse Collar
24:02 Wheelbarrow
iamataw
16:57 Feudal Age
23:10 Double-Bit Axe
24:54 Wheelbarrow
X REZA C4 X
0:44 Loom
14:36 Feudal Age
15:57 Wheelbarrow
21:15 Castle Age
19:10 Horse Collar
19:20 Double-Bit Axe
22:46 Hand Cart
24:46 Bow Saw
24:40 Heavy Plow
25:08 Fervor
25:20 Sanctity
Meti KosLess
14:59 Feudal Age
17:44 Loom
20:21 Castle Age
18:04 Horse Collar
18:11 Double-Bit Axe
18:29 Gold Mining
20:15 Stone Mining
20:39 Padded Archer Armor
20:30 Fletching
21:24 Caravan
22:12 Bow Saw
26:12 Heavy Plow
27:15 Leather Archer Armor
26:55 Bodkin Arrow
Connection lost

Rejoining the realm…

Still unreachable

The connection could not be restored.

Session expired

The server has moved on; the page needs a fresh start.